 Dungeon Crawl Stone Soup version 0.20.1-1-g8b1a95d (webtiles) character file.

46 Jazqa the Skirmisher (level 3, 0/45 HPs)
             Began as a Demonspawn Berserker on Oct 25, 2017.
             Was a Believer of Trog.
             Slain by a rat (2 damage)
             ... on level 2 of the Dungeon.
             The game lasted 00:02:03 (1457 turns).

Jazqa the Skirmisher (Demonspawn Berserker)         Turns: 1457, Time: 00:02:04

Health: 0/45       AC:  5    Str: 22    XL:     3   Next: 46%
Magic:  3/3        EV: 12    Int:  8    God:    Trog [**....]
Gold:   76         SH:  0    Dex: 13    Spells: 2/2 levels left

rFire    . . .     SeeInvis .   a - +1 falchion
rCold    . . .     Gourm    .   (no shield)
rNeg     . . .     Faith    .   h - +0 leather armour
rPois    .         Spirit   .   (no helmet)
rElec    .         Reflect  .   (no cloak)
rCorr    .         Harm     .   (no gloves)
MR       .....                  (no boots)
Stlth    ..........             (no amulet)
Regen    0.2/turn               (no ring)
MPRegen  0.1/turn               (no ring)

@: berserking, very quick
A: hooves 1, slimy green scales 1
a: Berserk, Trog's Hand, Burn Spellbooks, Renounce Religion


You were on level 2 of the Dungeon.
You worshipped Trog.
Trog was pleased with you.
You were hungry.

You visited 1 branch of the dungeon, and saw 2 of its levels.

You collected 76 gold pieces.


Innate Abilities, Weirdness & Mutations

You have large cloven feet.
You are partially covered in slimy green scales. (AC +2)


   Skills:
 + Level 4.0 Fighting
 + Level 3.3 Long Blades
 - Level 1.7 Armour
 - Level 1.7 Dodging


You had 2 spell levels left.
You didn't know any spells.

Inventory:

Hand Weapons
 a - a +1 falchion (weapon)
Armour
 h - a +0 leather armour (worn)
Scrolls
 e - 2 scrolls of remove curse {@r2}
 i - a scroll of fog {unknown}
 j - 2 scrolls of identify {unknown}
Potions
 b - a potion of degeneration {unknown}
 d - 2 potions of curing {unknown}
 f - 2 potions of haste {unknown}
Comestibles
 c - 3 bread rations {@e1}
 g - a chunk of flesh

Dungeon Overview and Level Annotations

Branches:
Dungeon (2/15)

Altars:
Trog
Vehumet

##.......### #......#
#)........#####.......
##....#....##.........#
#.)..###...##.#######.#
#..⚑.#y#......# #.#
#.)..###...#### #.#
#)...#....# #.#
#...wr....# #..
##..†@...## ###
###....## # ###### # #
# # ########## #
.........# # ########.#
#


You could see a moth of wrath, a worm (berserk) and a rat (berserk).


Message History

A red film seems to cover your vision as you go berserk!
You feel yourself moving faster!
You feel mighty!
You are feeling hungry.
The worm bites you.
* * * LOW HITPOINT WARNING * * *
The rat completely misses you.
You slash the worm! You kick the worm.
The worm is heavily wounded.
The rat bites you.
* * * LOW HITPOINT WARNING * * *
The worm barely misses you. The worm closely misses you.
Unknown command.
You barely miss the worm. You kick the worm!
The worm is severely wounded.
The rat bites you but does no damage. The worm bites you!
* * * LOW HITPOINT WARNING * * *
The worm misses you.
Unknown command.
You hit the worm.
The worm is almost dead.
The rat bites you.
* * * LOW HITPOINT WARNING * * *
The rat barely misses you.
Unknown command.
You hit the worm.
You kill the worm!
Trog accepts your kill.
Your Fighting skill increases to level 4!
The worm barely misses you. The rat bites you.
You die...

Skill      XL: |  1  2  3 |
---------------+----------+-----
Long Blades    | 3 |  3.3
Fighting       | 4 |  4.0
Armour         | |  1.7
Dodging        | |  1.7

Action                   || total
-------------------------++-------
Melee: Falchion          ||    83
       Kick              ||     9
Invok: Berserk           ||     1
  Use: Scroll            ||     2
  Eat: Chunk             ||     2
Armor: Leather armour    ||    17
       Animal skin       ||     8
Dodge: Dodged            ||    84
       Rpst.: Falchion   ||    26

Vault maps used:
D:1:      saegor_arrival_miasma
D:2:      tgw_trog, lemuel_coloured_pillars_altar

Notes
Turn   | Place    | Note
-------+----------+-------------------------------------------
     0 | D:1      | Jazqa the Demonspawn Berserker began the quest for the Orb.
     0 | D:1      | Reached XP level 1. HP: 18/18 MP: 1/1
   208 | D:1      | Gained mutation: You are partially covered in slimy green scales. (AC +2) [demonic ancestry]
   208 | D:1      | Reached XP level 2. HP: 19/24 MP: 2/2
   335 | D:1      | Reached skill level 3 in Long Blades
   981 | D:2      | Found a radiant altar of Vehumet.
   983 | D:2      | Gained mutation: You have large cloven feet. [demonic ancestry]
   983 | D:2      | Reached XP level 3. HP: 30/30 MP: 3/3
  1443 | D:2      | Noticed a moth of wrath
  1446 | D:2      | Found a bloodstained altar of Trog.
  1452 | D:2      | Reached ** piety under Trog
  1456 | D:2      | HP: 2/45 [rat (4)]
  1457 | D:2      | Reached skill level 4 in Fighting
  1457 | D:2      | Slain by a rat

Vanquished Creatures
  An adder (D:2)
  An ooze (D:2)
  A worm (D:2)
  4 bats
  A giant cockroach (D:2)
  4 goblins
  5 hobgoblins
  2 jackals (D:1)
  4 frilled lizards
  4 kobolds
  4 rats
31 creatures vanquished.
